 Dungeon Crawl Stone Soup version 0.22.1-1-ga44c0e5 (webtiles) character file.

2100 brandon the Destroyer (level 9, -1/52 HPs)
             Began as a Deep Elf Fire Elementalist on Oct 9, 2018.
             Slain by an orc warrior
             ... wielding a +0 halberd
              (26 damage)
             ... on level 6 of the Dungeon.
             The game lasted 00:20:02 (9182 turns).

brandon the Destroyer (Deep Elf Fire Elementalist)  Turns: 9182, Time: 00:20:03

Health: -1/52      AC:  3    Str:  5    XL:     9   Next: 7%
Magic:  21/31      EV: 13    Int: 24    God:
Gold:   401        SH:  0    Dex: 15    Spells: 8/23 levels left

rFire    + . .     SeeInvis .   s - +1 trident (freeze)
rCold    . . .     Gourm    .   (no shield)
rNeg     . . .     Faith    .   a - +0 robe
rPois    .         Spirit   .   t - +0 helmet
rElec    .         Reflect  .   (no cloak)
rCorr    .         Harm     .   (no gloves)
MR       .....                  (no boots)
Stlth    ++........             (no amulet)
HPRegen  0.17/turn              f - ring of protection from fire
MPRegen  0.22/turn              x - ring of magical power

@: no status effects
A: no striking features
a: no special abilities


You were on level 6 of the Dungeon.
You were hungry.

You visited 2 branches of the dungeon, and saw 8 of its levels.
You also visited: Sewer.

You collected 401 gold pieces.

Inventory:

Hand Weapons
 s - a +1 trident of freezing (weapon)
Armour
 a - a +0 robe (worn)
 t - a +0 helmet (worn)
Jewellery
 f - a ring of protection from fire (left hand)
 x - a ring of magical power (right hand)
Wands
 q - a wand of iceblast (9)
 u - a wand of paralysis (17)
 w - a wand of disintegration (20)
Scrolls
 b - 3 scrolls of remove curse
 d - 4 scrolls of blinking
 h - 2 scrolls of magic mapping
 j - a scroll of enchant armour {unknown}
 k - a scroll of fear {unknown}
 l - a scroll of amnesia {unknown}
 m - 2 scrolls of identify
 o - 3 scrolls of immolation
 v - a scroll of fog {unknown}
Potions
 e - 2 potions of degeneration
 g - a potion of lignification {unknown}
 i - a potion of curing {unknown}
 n - a potion of magic {unknown}
 p - a potion of cancellation
 r - 2 potions of might {unknown}
 z - a potion of flight {unknown}
Comestibles
 c - 11 rations
 A - 7 chunks of flesh


   Skills:
 + Level 3.7 Fighting
 - Level 0.6 Polearms
 - Level 2.4 Dodging
 - Level 2.4 Stealth
 + Level 7.6 Spellcasting
 * Level 8.2 Conjurations
 + Level 7.1 Fire Magic


You had 8 spell levels left.
You knew the following spells:

 Your Spells              Type           Power        Failure   Level  Hunger
a - Flame Tongue          Conj/Fire      #####        1%          1    None
b - Throw Flame           Conj/Fire      #####.       1%          2    None
c - Conjure Flame         Conj/Fire      #####...     1%          3    None
d - Sticky Flame          Conj/Fire      #####...     2%          4    ###....
e - Fireball              Conj/Fire      #####.....   8%          5    #####..

Your spell library contained the following spells:

 Spells                   Type           Power        Failure   Level  Hunger
 Inner Flame              Hex/Fire       ####....     4%          3    None


Dungeon Overview and Level Annotations

Branches:
Dungeon (7/15)             Temple (1/1) D:5

Altars:
Cheibriados
Dithmenos
Elyvilon
Fedhas
Gozag
Hepliaklqana
Kikubaaqudgha
Makhleb
Okawaru
Qazlal
Ru
Sif Muna
Trog
Uskayaw
Vehumet
Wu Jian
Xom
Yredelemnul
Zin
The Shining One

Annotations:
D:6 exclusion: statue
D:7 1 runed door


Message History

The orc warrior is lightly wounded.
The orc warrior is covered in liquid flames!
The orc warrior burns!
The orc warrior hits you with a halberd!!
Ouch! That really hurt!
* * * LOW HITPOINT WARNING * * *
Unknown command.
Casting: Sticky Flame (safe; 2% risk of failure)
Confirm with . or Enter, or press ? or * to list all spells.
Aiming: Sticky Flame (safe; 2% risk of failure)
Press: ? - help, Shift-Dir - straight line, f/p - orc warrior
Aim: an orc warrior, wielding a halberd and wearing a plate armour (lightly The sticky flame hits the orc warrior.
The orc warrior appears unharmed.
The orc warrior is lightly wounded.
The orc warrior is covered in liquid flames!
You are feeling hungry.
The orc warrior burns!
The orc warrior hits you with a halberd!!
Ouch! That really hurt!
You die...

#....#........#
#....#........#
##.###........#
#..)'........#
#####........#
#........# #.####.###
###o####.#
######.@.....'#######
#......##.##........#
#......# ..#........#
#......# ..#........#
.##......#
..#........#
.........#
_.#..#######
.#......# ..#.##
#....).# 8.#.#
######)# #.#


You could see an orc warrior (burning).

Vanquished Creatures
  Pikel (D:7)
  Eustachio (D:5)
  A hornet zombie (D:5)
  A phantom (D:5)
  4 slaves (D:7)
  An ogre (D:7)
  3 bullfrogs
  A scorpion (D:4)
  A crimson imp (D:6)
  2 hounds (D:5)
  A centaur skeleton (D:7)
  2 orc priests (D:5)
  4 iguanas
  6 worker ants
  4 orc wizards (D:7)
  Robin (D:2)
  8 gnolls
  15 adders
  2 shadow imps
  6 oozes (Sewer)
  An adder zombie (D:6)
  4 worms
  11 leopard geckos (Sewer)
  25 orcs
  13 giant cockroaches
  12 goblins
  8 hobgoblins
  7 jackals
  10 kobolds
  7 ball pythons
  11 bats
  13 frilled lizards
  A giant cockroach zombie (D:5)
  A jackal skeleton (D:6)
  2 quokka skeletons
  8 rats
199 creatures vanquished.

Notes
Turn   | Place    | Note
-------+----------+-------------------------------------------
     0 | D:1      | brandon the Deep Elf Fire Elementalist began the quest for
                  | the Orb.
     0 | D:1      | Reached XP level 1. HP: 10/10 MP: 6/6
   167 | D:1      | Reached XP level 2. HP: 15/15 MP: 5/8
   585 | D:1      | Learned a level 2 spell: Throw Flame
  1032 | D:2      | Reached XP level 3. HP: 9/19 MP: 1/10
  1187 | D:2      | Learned a level 3 spell: Conjure Flame
  1252 | D:2      | Found a shimmering altar of Xom.
  1265 | D:2      | Reached skill level 2 in Conjurations
  1309 | D:2      | Found an iron altar of Okawaru.
  1609 | D:2      | Noticed Robin
  1616 | D:2      | Killed Robin
  2154 | D:3      | Reached XP level 4. HP: 24/24 MP: 8/11
  2293 | D:3      | Learned a level 4 spell: Sticky Flame
  2689 | D:3      | Found a hide-covered altar of Uskayaw.
  2905 | D:3      | Reached skill level 3 in Conjurations
  3239 | D:3      | Found a glowing golden altar of the Shining One.
  3494 | D:4      | Found a glowing drain.
  3524 | Sewer    | Entered a sewer
  3630 | Sewer    | Reached XP level 5. HP: 28/28 MP: 9/13
  4405 | Sewer    | Reached skill level 4 in Conjurations
  4405 | Sewer    | Reached skill level 5 in Fire Magic
  4405 | Sewer    | Reached XP level 6. HP: 32/33 MP: 12/15
  4490 | Sewer    | Reached skill level 1 in Fighting
  4618 | Sewer    | Reached skill level 5 in Spellcasting
  4647 | D:4      | Learned a level 5 spell: Fireball
  4749 | D:4      | Found a bloodstained altar of Trog.
  4749 | D:4      | Found a snail-covered altar of Cheibriados.
  4939 | D:4      | Reached skill level 5 in Conjurations
  4939 | D:4      | Reached XP level 7. HP: 29/38 MP: 6/17
  5369 | D:5      | Entered Level 5 of the Dungeon
  5378 | D:5      | Noticed Eustachio
  5400 | D:5      | Killed Eustachio
  5900 | D:5      | Reached skill level 6 in Conjurations
  6098 | D:5      | Reached XP level 8. HP: 43/45 MP: 5/19
  6740 | D:5      | Found a staircase to the Ecumenical Temple.
  6752 | Temple   | Entered the Ecumenical Temple
  7848 | D:7      | Reached skill level 7 in Conjurations
  7888 | D:7      | Noticed Pikel
  7893 | D:7      | Killed Pikel
  8105 | D:7      | Found a runed door.
  8160 | D:7      | Reached skill level 8 in Conjurations
  8200 | D:7      | Reached XP level 9. HP: 50/51 MP: 4/22
  9126 | D:6      | Found a radiant altar of Vehumet.
  9182 | D:6      | Slain by an orc warrior

Skill      XL: |  1  2  3  4  5  6  7  8 |
---------------+-------------------------+-----
Fire Magic     | 4 5 6 7 |  7.1
Conjurations   | 2 3 4 5 6 8 |  8.2
Spellcasting   | 4 5 6 7 |  7.6
Fighting       | 1 2 3 |  3.7
Polearms       | |  0.6
Dodging        | |  2.4
Stealth        | |  2.4

Action                   |  1- 3 |  4- 6 |  7- 9 || total
-------------------------+-------+-------+-------++-------
Melee: Unarmed           |     1 |       |       ||     1
       Club              |    17 |       |       ||    17
       Trident           |    15 |    35 |   105 ||   155
 Cast: Flame Tongue      |    71 |    85 |   106 ||   262
       Throw Flame       |     7 |    25 |    28 ||    60
       Conjure Flame     |       |     2 |     3 ||     5
       Sticky Flame      |       |     4 |    18 ||    22
       Fireball          |       |       |     7 ||     7
  Use: Potion            |       |     4 |       ||     4
       Scroll            |       |     2 |     2 ||     4
  Eat: Chunk             |     3 |    11 |    13 ||    27
       Ration            |       |       |     1 ||     1
Armor: Robe              |    10 |     9 |    22 ||    41
Dodge: Dodged            |    37 |    53 |    81 ||   171
